 Dungeon Crawl Stone Soup version 0.29-a0-962-gc8bbfd0a37 (webtiles) character file.

Game seed: 7465047663039205511

113 manyhoops the Ruffian (level 4, 0/35 HPs)
             Began as a Demonspawn Fighter on July 30, 2022.
             Slain by a gnoll
             ... wielding a +0 whip
              (2 damage)
             ... on level 2 of the Dungeon.
             The game lasted 00:02:19 (3021 turns).

manyhoops the Ruffian (Demonspawn Fighter)          Turns: 3021, Time: 00:02:20

Health: 0/35       AC:  7    Str: 18    XL:     4   Next: 65%
Magic:  4/4        EV:  9    Int:  9    God:
Gold:   101        SH:  4    Dex: 13    Spells: 3/3 levels left

rFire   . . .      SeeInvis .     - Unarmed
rCold   . . .      Faith    .   b - +0 buckler
rNeg    . . .      Spirit   .   a - +0 scale mail
rPois   .          Reflect  .   (no helmet)
rElec   .          Harm     .   c - +0 cloak
rCorr   .          Rampage  .   (no gloves)
Will    .....                   (no boots)
Stlth   ..........              (no amulet)
HPRegen 0.11/turn               (no ring)
MPRegen 0.09/turn               (no ring)

@: no status effects
A: demonic guardian 1
a: no special abilities


You were on level 2 of the Dungeon.
You visited 1 branch of the dungeon, and saw 3 of its levels.

You collected 101 gold pieces.

Inventory:

Armour
 a - a +0 scale mail (worn)
 b - a +0 buckler (worn)
 c - a +0 cloak (worn)
Scrolls
 d - a scroll of poison
 f - 2 scrolls of immolation
 g - 2 scrolls of enchant weapon
 h - 2 scrolls of teleportation
 l - a scroll of torment {unknown}
 m - 2 scrolls of enchant armour {unknown}
Potions
 e - a potion of cancellation {unknown}
 i - a potion of curing {unknown}
 j - 2 potions of degeneration {unknown}
 k - 2 potions of haste {unknown}


   Skills:
 + Level 3.5 Fighting
 - Level 2.6 Armour
 - Level 2.6 Shields
 * Level 4.1 Unarmed Combat


You had 3 spell levels left.
You didn't know any spells.
Your spell library contained the following spells:

 Spells                   Type           Power      Damage    Failure   Level
 Summon Small Mammal      Summ           0%         N/A       86%         1
 Call Canine Familiar     Summ           0%         N/A       99%         3
 Summon Guardian Golem    Hex/Summ       0%         N/A       99%         3


Dungeon Overview and Level Annotations

Branches:
Dungeon (3/15)

Altars:
Sif Muna

Shops:
D:1 *


Innate Abilities, Weirdness & Mutations

A weak demonic guardian rushes to your aid.


Message History

The kobold hits you with a +0 dagger. The gnoll closely misses you. x2
The gnoll hits you from afar with a +0 spear.
You hit the gnoll.
The gnoll is heavily wounded.
The gnoll hits you but does no damage.
The gnoll hits you from afar with a +0 halberd!
The kobold hits you with a +0 dagger.
You are too injured to fight recklessly!
You are too injured to fight recklessly!
You are too injured to fight recklessly!
You are too injured to fight recklessly!
You are too injured to fight recklessly!
You are too injured to fight recklessly!
You are too injured to fight recklessly!
You are too injured to fight recklessly!
You are too injured to fight recklessly!
You are too injured to fight recklessly!
You are too injured to fight recklessly!
You are too injured to fight recklessly!
You are too injured to fight recklessly!
You are too injured to fight recklessly!
You are too injured to fight recklessly!
You see here a bat corpse.
The gnoll attacks as you move away! The gnoll hits you with a +0 whip.
The kobold attacks as you move away! The kobold closely misses you.
The gnoll attacks as you move away! The gnoll hits you but does no damage.
The kobold attacks as you move away! The kobold barely misses you.
The gnoll attacks as you move away! The gnoll closely misses you.
There is an escape hatch in the ceiling here.
You block the gnoll's attack. The gnoll hits you with a +0 whip.
The gnoll hits you from afar with a +0 halberd!
* * * LOW HITPOINT WARNING * * *
A demonic guardian appears!
The kobold hits you but does no damage. A mysterious force pulls you upwards.
The hatch slams shut behind you.
You hit the gnoll but do no damage.
The gnoll is heavily wounded.
The kobold hits you with a +0 dagger.
* * * LOW HITPOINT WARNING * * *
The gnoll hits you with a +0 whip.
You die...

##.# #.##... #..#
#.##.## #.## #.##.#
#.# ####.##.## #.#
#..>......
######.###.#####...
#..........# #.##
###.####.##### #.##
##..K@g##.#########.##
#......##.............
#......##########.....
#..................|..
#......##########.#..#
#.####.# ####......
#.####.## #....#....
#.#.....#####..##.##..
#.#.##................


You could see a gnoll and a kobold.

Vanquished Creatures
  Crazy Yiuf (D:2)
  3 adders
  2 worms
  An orc (D:3)
  4 endoplasms
  4 giant cockroaches
  5 hobgoblins
  3 quokkas
  3 ball pythons
  5 bats
  2 frilled lizards
  4 goblins
  6 kobolds
  5 rats
48 creatures vanquished.

Vanquished Creatures (collateral kills)
  A ball python (D:1)
  A bat (D:1)
2 creatures vanquished.

Grand Total: 50 creatures vanquished

Notes
Turn   | Place    | Note
-------+----------+-------------------------------------------
     0 | D:1      | manyhoops the Demonspawn Fighter began the quest for the
                  | Orb.
     0 | D:1      | Reached XP level 1. HP: 18/18 MP: 1/1
    72 | D:1      | Reached skill level 2 in Unarmed Combat
   329 | D:1      | Gained mutation: A weak demonic guardian rushes to your
                  | aid. [demonic ancestry]
   329 | D:1      | Reached XP level 2. HP: 15/24 MP: 2/2
  1129 | D:1      | Found Haplucia's Assorted Antiques.
  1464 | D:2      | Reached XP level 3. HP: 19/29 MP: 3/3
  1689 | D:2      | Reached skill level 3 in Unarmed Combat
  2015 | D:2      | Found a runed translucent door.
  2016 | D:2      | Noticed Crazy Yiuf
  2370 | D:2      | Killed Crazy Yiuf
  2371 | D:2      | Reached XP level 4. HP: 8/35 MP: 4/4
  2873 | D:3      | Found a shimmering blue altar of Sif Muna.
  2984 | D:3      | Reached skill level 4 in Unarmed Combat
  3021 | D:2      | Slain by a gnoll

Illustrated notes

Levels and vault maps discovered:
D:1:      saegor_arrival_simple_c, layout_loops_ring, serial_shops,
          nicolae_lakefront_shop
D:2:      layout_loops_ring, dk_noncrumbling_3, kennysheep_path_1, st_stairs_8,
          hangedman_decor_growths, uniq_crazy_yiuf_cottage
D:3:      layout_rooms, mainiacjoe_overflow_chevrons, minmay_snake_closets

Skill      XL: |  1  2  3  4 |
---------------+-------------+-----
Unarmed Combat | 2 3 4 |  4.1
Fighting       | |  3.5
Armour         | |  2.6
Shields        | |  2.6

Action                   |  1- 3 |  4- 6 || total
-------------------------+-------+-------++-------
Melee: Unarmed           |   175 |    40 ||   215
  Use: Scroll            |     3 |     1 ||     4
       Potion            |     1 |       ||     1
Armor: Scale mail        |    86 |    21 ||   107
Dodge: Dodged            |    73 |    23 ||    96
Block: Buckler           |    33 |     4 ||    37

Table legend: (Time is in decaauts)
 A = Elapsed time spent in this place.
 B = Non-inter-level travel time spent in this place.
 C = Inter-level travel time spent in this place.
 D = Time resting spent in this place.
 E = Time spent auto-exploring this place.
 F = Levels seen in this place.
 G = Mean time per level.
                   A        B        C        D        E       F      G
               +--------+--------+--------+--------+--------+-----+--------+
         Total |   3026 |   2969 |     57 |     97 |   2442 |   3 | 1008.7 |
       Dungeon |   3026 |   2969 |     57 |     97 |   2442 |   3 | 1008.7 |
               +--------+--------+--------+--------+--------+-----+--------+

Top non-repeatable levels by time:
     D:2: 1483 daAuts
     D:1: 1225 daAuts
     D:3: 318 daAuts
